 Dungeon Crawl Stone Soup version 0.30-a0-360-g447f08457e (webtiles) character file.

Game seed: 18272793202549431039

55343 billz999 the Skirmisher (level 14, 0/111 HPs)
             Began as a Gnoll Hunter on Nov 13, 2022.
             Was a High Priest of Makhleb.
             Slain by a lich (6 damage)
             ... on level 4 of the Abyss on Nov 14, 2022.
             The game lasted 01:01:15 (19872 turns).

billz999 the Skirmisher (Gnoll Hunter)             Turns: 19872, Time: 01:01:15

Health: 0/111      AC: 10    Str: 16    XL:     14   Next: 76%
Magic:  27/27      EV: 20    Int: 14    God:    Makhleb [*****.]
Gold:   1115       SH:  7    Dex: 22    Spells: 22/32 levels left

rFire   . . .      SeeInvis .    b - +3 dagger (venom)
rCold   . . .      Faith    .    d - +0 buckler
rNeg    . . .      Spirit   .    x - +0 steam dragon scales
rPois   .          Reflect  .    r - +0 helmet
rElec   .          Harm     .    (no cloak)
rCorr   .          Rampage  .    X - +0 pair of gloves
Will    +....                    (no boots)
Stlth   ++++......               Q - amulet of magic regeneration
HPRegen 0.38/turn                Y - +6 ring of strength
MPRegen 0.60/turn                M - +6 ring of intelligence

@: silenced
A: fangs 1, strong nose, distributed training
a: Renounce Religion


You were on level 4 of the Abyss.
You worshipped Makhleb.
Makhleb was extremely pleased with you.
You visited 2 branches of the dungeon, and saw 16 of its levels.
You visited the Abyss 1 time.

You collected 1115 gold pieces.

Inventory:

Hand Weapons
 a - a +2 sling of electrocution
 b - a +3 dagger of venom (weapon)
 n - a +0 shortbow
 T - the +5 Lochaber axe {reach-cleave, poleaxe, Drain}
   (You found it on level 3 of the Lair of Beasts)

   It can be evoked to extend its reach, and strikes at all foes within reach,
   dealing less damage to those not targeted.
   It uses either Axes or Polearms skill, whichever is higher.
   Drain:     It drains your maximum health when unequipped.
Missiles
 F - 5 javelins
 K - a boomerang of dispersal
 Z - 2 throwing nets
Armour
 c - a +0 leather armour
 d - a +0 buckler (worn)
 r - a +0 helmet (worn)
 x - +0 steam dragon scales (worn)
 I - the +1 robe "Juuvvok" {+Inv Regen+ Str-4 SInv}
   (You found it on level 9 of the Dungeon)

   Str:       It affects your strength (-4).
   SInv:      It lets you see invisible.
   +Inv:      It lets you turn invisible.
   Regen:     It increases your rate of health regeneration.
 S - +0 swamp dragon scales
 X - a +0 pair of gloves (worn)
Jewellery
 z - a +4 ring of evasion
 M - a +6 ring of intelligence (right hand)
 N - a ring of magical power
 Q - an amulet of magic regeneration (around neck)
 R - a +6 ring of dexterity
 Y - a +6 ring of strength (left hand)
Wands
 j - a wand of roots (3)
 m - a wand of flame (16)
 G - a wand of polymorph (8)
 J - a wand of paralysis (4)
 L - a wand of mindburst (7)
Scrolls
 e - 7 scrolls of teleportation
 f - a scroll of summoning
 g - 3 scrolls of enchant armour
 o - 3 scrolls of torment
 s - a scroll of blinking
 u - 3 scrolls of silence
 v - 2 scrolls of poison
 y - 4 scrolls of noise
 A - 3 scrolls of amnesia
 C - a scroll of immolation
 U - a scroll of magic mapping {unknown}
 V - a scroll of vulnerability
 W - 2 scrolls of enchant weapon
Potions
 i - a potion of mutation {unknown}
 k - 6 potions of might
 l - 2 potions of curing
 p - a potion of cancellation
 q - 2 potions of brilliance {unknown}
 t - 3 potions of haste
 w - 4 potions of lignification {unknown}
 B - 2 potions of resistance {unknown}
 D - 5 potions of ambrosia {unknown}
 E - 2 potions of invisibility {unknown}
 H - 6 potions of attraction {unknown}
 O - a potion of magic {unknown}
 P - a potion of flight {unknown}


   Skills:
 + Level 10.9 Fighting
 + Level 9.8 Short Blades
 + Level 9.8 Long Blades
 + Level 9.8 Axes
 + Level 9.8 Maces & Flails
 + Level 9.8 Polearms
 + Level 9.8 Staves
 + Level 12.8 Ranged Weapons
 + Level 9.8 Throwing
 + Level 9.8 Armour
 + Level 10.9 Dodging
 + Level 10.1 Stealth
 + Level 9.8 Shields
 + Level 9.8 Unarmed Combat
 + Level 9.8 Spellcasting
 + Level 8.2 Conjurations
 + Level 8.2 Hexes
 + Level 8.2 Summonings
 + Level 8.2 Necromancy
 + Level 8.2 Translocations
 + Level 8.2 Transmutations
 + Level 8.2 Fire Magic
 + Level 8.2 Ice Magic
 + Level 8.2 Air Magic
 + Level 8.2 Earth Magic
 + Level 8.2 Poison Magic
 + Level 10.7 Invocations
 + Level 9.8 Evocations


You had 22 spell levels left.
You knew the following spells:

 Your Spells              Type           Power      Damage    Failure   Level
a - Ensorcelled Hibernat  Hex/Ice        60%        N/A       1%          2
b - Mephitic Cloud        Conj/Pois/Air  30%        N/A       1%          3
c - Silence               Hex/Air        15%        N/A       12%         5

Your spell library contained the following spells:

 Spells                   Type           Power      Damage    Failure   Level
 Foxfire                  Conj/Fire      100%       2x1d9     1%          1
 Magic Dart               Conj           100%       1d8       1%          1
 Necrotise                Necr           100%       1d9       1%          1
 Shock                    Conj/Air       100%       1d9       1%          1
 Slow                     Hex            100%       N/A       1%          1
 Call Imp                 Summ           30%        N/A       1%          2
 Passwall                 Tmut/Erth      25%        N/A       1%          2
 Confusing Touch          Hex            30%        N/A       1%          3
 Dazzling Flash           Conj/Hex       60%        N/A       1%          3
 Gell's Gravitas          Tloc           30%        N/A       1%          3
 Ignite Poison            Fire/Tmut/Pois 30%        N/A       1%          3
 Lesser Beckoning         Tloc           60%        N/A       1%          3
 Ozocubu's Armour         Ice            30%        N/A       1%          3
 Spider Form              Tmut/Pois      30%        N/A       1%          3
 Swiftness                Air            30%        N/A       1%          3
 Teleport Other           Tloc           30%        N/A       1%          3
 Vampiric Draining        Necr           30%        2d8       1%          3
 Airstrike                Air            15%        2d(3-19)  4%          4
 Anguish                  Hex/Necr       15%        N/A       4%          4
 Sticky Flame             Conj/Fire      30%        2d5       4%          4
 Agony                    Necr           30%        N/A       12%         5
 Fireball                 Conj/Fire      15%        3d8       12%         5
 Yara's Violent Unravell  Hex/Tmut       15%        3d8       12%         5
 Dispersal                Tloc           15%        N/A       54%         6
 Starburst                Conj/Fire      15%        6d6       54%         6
 Enfeeble                 Hex            15%        N/A       98%         7
 Ozocubu's Refrigeration  Ice            15%        4d10      98%         7
 Ignition                 Fire           15%        3d6       100%        8


Dungeon Overview and Level Annotations

Branches:
Dungeon (11/15)            Temple (0/1) D:7            Lair (5/5) D:9
  Swamp (0/4) Lair:2        Snake (0/4) Lair:2        Slime (0/5) Lair:4
    Orc: D:9-12

Altars:
Ashenzari
Cheibriados
Dithmenos
Elyvilon
Gozag
Hepliaklqana
Kikubaaqudgha
Makhleb
Nemelex Xobeh
Qazlal
Sif Muna
Trog
Uskayaw
Vehumet
Xom
The Shining One
Jiyva

Shops:
D:1 =*   D:11 (

Annotations:
D:3 3 runed translucent doors, drewk1942's ghost, amateur TrFi
Lair:3 exclusion: 4 oklob plants
Lair:5 1 runed translucent door, coraxio's ghost, journeyman AtFi


Innate Abilities, Weirdness & Mutations

You have very sharp teeth.
Your uncanny sense of smell can sniff out nearby items.
Your experience applies equally to all skills.


Message History

Okay, then.
Casting: Ensorcelled Hibernation (safe; 1% risk of failure)
Confirm with . or Enter, or press ? or * to list all spells.
Okay, then.
Casting: Ensorcelled Hibernation (safe; 1% risk of failure)
Confirm with . or Enter, or press ? or * to list all spells.
A profound silence engulfs you.
Unknown command.
You feel better. The lich touches you.
* * * LOW HITPOINT WARNING * * *
Your +2 sling of electrocution stops crackling.
Your +3 dagger of venom begins to drip with poison!
b - a +3 dagger of venom (weapon)
The lich barely misses you.
You hit the lich but do no damage. You hit the lich but do no damage.
The lich touches you!
* * * LOW HITPOINT WARNING * * *
You hit the lich but do no damage. You block the lich's attack.
You closely miss the lich. You bite the lich, but do no damage.
You barely miss the lich. You bite the lich, but do no damage.
The lich completely misses you.
You barely miss the lich. You hit the lich.
You bite the lich, but do no damage.
The lich is lightly damaged.
The lich touches you.
* * * LOW HITPOINT WARNING * * *
You hit the lich but do no damage.
The lich is lightly damaged.
You hit the lich but do no damage.
The lich is lightly damaged.
The lich closely misses you.
You hit the lich.
The lich is lightly damaged.
You hit the lich but do no damage. Your bite misses the lich.
The lich is lightly damaged.
The lich barely misses you.
You hit the lich but do no damage.
The lich is lightly damaged.
The lich touches you.
You die...

#...... ... ..
#...... .. ....
....... .......
.......#.#. ..
..........#...#
...........#.###
...>....#......##
......)@........#
..#....L........
# ......##...#.#.
# ............#..
#.#... ..#.... .#
##...#..##......#
#.... ... ...#.
.# ##...#.. #.###
# ### ###


You could see a lich.

Vanquished Creatures
  A fire dragon (Lair:5)
  Harold (D:11)
  5 hydras
  4 two-headed ogres (D:10)
  5 death yaks (Lair:4)
  Sonja (Lair:3)
  Nergalle (Lair:1)
  Amaemon (Lair:3)
  A fire crab (Lair:5)
  A swamp dragon (Lair:5)
  Pikel (D:6)
  A lindwurm (Lair:2)
  A cyclops (D:11)
  An ugly thing (D:11)
  10 elephants
  3 black mambas
  Maggie (D:6)
  3 torpor snails
  12 cane toads
  An orange demon (Lair:3)
  2 unseen horrors
  9 komodo dragons
  An efreet (Abyss:4)
  8 rime drakes
  A queen bee (Lair:3)
  3 trolls
  4 polar bears
  20 blink frogs
  8 dream sheep
  67 yaks
  A vampire (D:11)
  4 basilisks
  A shadow (D:10)
  Eustachio (D:5)
  2 wraiths
  8 wyverns
  4 steam dragons (Lair:5)
  A vampire mosquito (D:10)
  3 nagas (Lair:1)
  Menkaure (D:7)
  Edmund (D:6)
  10 water moccasins
  An acid dragon (D:10)
  Duvessa (D:5)
  2 orc warriors
  A black bear (D:8)
  An ice beast (D:8)
  A sky beast (D:6)
  An ogre (D:4)
  5 wolves (Lair:3)
  6 centaurs
  3 phantoms
  2 kobold brigands
  7 bullfrogs
  A gnoll sergeant (D:9)
  3 scorpions
  4 wights (D:6)
  Dowan (D:5)
  42 killer bees
  A howler monkey (D:6)
  A lava snake (D:11)
  2 hounds
  5 orc priests
  10 iguanas
  7 orc wizards
  8 hell rats
  Robin (D:4)
  6 gnolls
  A river rat (Lair:3)
  3 adders
  A shadow imp (D:8)
  16 white imps
  4 ufetubi
  2 dart slugs
  20 orcs
  A bat (D:2)
  10 endoplasms
  3 giant cockroaches
  18 goblins
  11 hobgoblins
  6 jackals
  A quokka (D:2)
  4 ball pythons
  17 kobolds
  8 rats
464 creatures vanquished.

Vanquished Creatures (others)
  27 fungi
  46 plants
73 creatures vanquished.

Grand Total: 537 creatures vanquished

Notes
Turn   | Place    | Note
-------+----------+-------------------------------------------
     0 | D:1      | billz999 the Gnoll Hunter began the quest for the Orb.
     0 | D:1      | Reached XP level 1. HP: 20/20 MP: 1/1
   258 | D:1      | Reached XP level 2. HP: 26/26 MP: 2/2
   297 | D:1      | Found Yhastrog's General Store.
   354 | D:1      | Found Izocly Kona's One-of-a-Kind Rings.
   740 | D:2      | Reached XP level 3. HP: 30/31 MP: 3/3
   955 | D:2      | Reached skill level 1 in Invocations
  1128 | D:2      | Reached skill level 1 in Short Blades
  1128 | D:2      | Reached skill level 1 in Long Blades
  1128 | D:2      | Reached skill level 1 in Axes
  1128 | D:2      | Reached skill level 1 in Maces & Flails
  1128 | D:2      | Reached skill level 1 in Polearms
  1128 | D:2      | Reached skill level 1 in Staves
  1128 | D:2      | Reached skill level 1 in Throwing
  1128 | D:2      | Reached skill level 1 in Armour
  1128 | D:2      | Reached skill level 1 in Shields
  1128 | D:2      | Reached skill level 1 in Unarmed Combat
  1128 | D:2      | Reached skill level 1 in Spellcasting
  1128 | D:2      | Reached skill level 1 in Evocations
  1164 | D:3      | Found a runed translucent gate.
  1164 | D:3      | Noticed a kobold brigand
  1165 | D:3      | Found a runed translucent gate.
  1165 | D:3      | Noticed drewk1942's ghost (amateur TrFi)
  1292 | D:3      | Noticed a +0 dagger
  1293 | D:3      | Noticed a +0 falchion
  1294 | D:3      | Noticed a +0 short sword
  1294 | D:3      | Noticed a +0 dagger
  1294 | D:3      | Noticed a +0 spear
  1294 | D:3      | Noticed a +0 falchion
  1294 | D:3      | Noticed a +0 short sword
  1295 | D:3      | Noticed a +0 spear
  1296 | D:3      | Found a hide-covered altar of Uskayaw.
  1360 | D:3      | Found a runed translucent gate.
  1424 | D:3      | Reached XP level 4. HP: 38/38 MP: 5/5
  1675 | D:4      | Reached skill level 1 in Conjurations
  1675 | D:4      | Reached skill level 1 in Hexes
  1675 | D:4      | Reached skill level 1 in Summonings
  1675 | D:4      | Reached skill level 1 in Necromancy
  1675 | D:4      | Reached skill level 1 in Translocations
  1675 | D:4      | Reached skill level 1 in Transmutations
  1675 | D:4      | Reached skill level 1 in Fire Magic
  1675 | D:4      | Reached skill level 1 in Ice Magic
  1675 | D:4      | Reached skill level 1 in Air Magic
  1675 | D:4      | Reached skill level 1 in Earth Magic
  1675 | D:4      | Reached skill level 1 in Poison Magic
  1676 | D:4      | Noticed a phantom
  1699 | D:3      | Killed a phantom
  1700 | D:3      | Reached XP level 5. HP: 11/43 MP: 5/7
  2015 | D:4      | Reached XP level 6. HP: 34/50 MP: 8/8
  2057 | D:4      | Noticed Robin
  2063 | D:4      | Reached skill level 5 in Fighting
  2063 | D:4      | Reached skill level 5 in Dodging
  2070 | D:4      | Killed Robin
  2464 | D:4      | Found a burning altar of Makhleb.
  2580 | D:4      | Became a worshipper of Makhleb the Destroyer
  2712 | D:4      | Reached XP level 7. HP: 56/56 MP: 10/10
  2787 | D:5      | Entered Level 5 of the Dungeon
  2804 | D:5      | Noticed Duvessa
  2804 | D:5      | Noticed Dowan
  2960 | D:5      | Killed Duvessa
  2964 | D:5      | Killed Dowan
  2965 | D:5      | Reached skill level 9 in Ranged Weapons
  3092 | D:5      | Noticed Eustachio
  3111 | D:5      | Killed Eustachio
  3157 | D:5      | Reached XP level 8. HP: 63/63 MP: 12/12
  3253 | D:5      | Found a snail-covered altar of Cheibriados.
  3418 | D:5      | Found a hazy altar of Hepliaklqana.
  3942 | D:6      | Found a broken altar of Ashenzari.
  3942 | D:6      | Noticed Maggie
  3960 | D:6      | Killed Maggie
  4224 | D:6      | Reached XP level 9. HP: 59/69 MP: 14/14
  4225 | D:6      | Noticed Pikel
  4253 | D:6      | Killed Pikel
  4632 | D:6      | Noticed Edmund
  4641 | D:6      | Killed Edmund
  4642 | D:6      | Reached skill level 5 in Stealth
  4672 | D:7      | Noticed Menkaure
  4672 | D:7      | Found a staircase to the Ecumenical Temple.
  4675 | D:7      | Killed Menkaure
  4903 | D:7      | Reached skill level 5 in Invocations
  5314 | D:8      | Found a white marble altar of Elyvilon.
  5370 | D:8      | Found a shadowy altar of Dithmenos.
  5419 | D:8      | Reached * piety under Makhleb
  5713 | D:8      | Found a radiant altar of Vehumet.
  5728 | D:8      | Found an opulent altar of Gozag.
  5845 | D:8      | Found a bloodstained altar of Trog.
  5920 | D:8      | Reached skill level 5 in Short Blades
  5920 | D:8      | Reached skill level 5 in Long Blades
  5920 | D:8      | Reached skill level 5 in Axes
  5920 | D:8      | Reached skill level 5 in Maces & Flails
  5920 | D:8      | Reached skill level 5 in Polearms
  5920 | D:8      | Reached skill level 5 in Staves
  5920 | D:8      | Reached skill level 5 in Throwing
  5920 | D:8      | Reached skill level 5 in Armour
  5920 | D:8      | Reached skill level 5 in Shields
  5920 | D:8      | Reached skill level 5 in Unarmed Combat
  5920 | D:8      | Reached skill level 5 in Spellcasting
  5920 | D:8      | Reached skill level 5 in Evocations
  5920 | D:8      | Reached XP level 10. HP: 77/77 MP: 17/17
  6108 | D:9      | Reached skill level 10 in Ranged Weapons
  6739 | D:9      | Found a shimmering blue altar of Sif Muna.
  6771 | D:9      | Found an ancient bone altar of Kikubaaqudgha.
  6866 | D:9      | Found a staircase to the Lair.
  7064 | D:9      | Identified the +1 robe "Juuvvok" {+Inv Regen+ Str-4 SInv}
  7090 | D:9      | Found a sparkling altar of Nemelex Xobeh.
  7426 | D:10     | Entered Level 10 of the Dungeon
  7672 | D:10     | Found a stormy altar of Qazlal.
  7809 | D:10     | Noticed a two-headed ogre
  7810 | D:10     | Noticed a two-headed ogre
  7874 | D:10     | Killed a two-headed ogre
  7875 | D:10     | Reached skill level 5 in Conjurations
  7875 | D:10     | Reached skill level 5 in Hexes
  7875 | D:10     | Reached skill level 5 in Summonings
  7875 | D:10     | Reached skill level 5 in Necromancy
  7875 | D:10     | Reached skill level 5 in Translocations
  7875 | D:10     | Reached skill level 5 in Transmutations
  7875 | D:10     | Reached skill level 5 in Fire Magic
  7875 | D:10     | Reached skill level 5 in Ice Magic
  7875 | D:10     | Reached skill level 5 in Air Magic
  7875 | D:10     | Reached skill level 5 in Earth Magic
  7875 | D:10     | Reached skill level 5 in Poison Magic
  7875 | D:10     | Reached XP level 11. HP: 49/85 MP: 20/20
  7882 | D:10     | Killed a two-headed ogre
  8348 | D:10     | Learned a level 2 spell: Ensorcelled Hibernation
  8352 | D:10     | Learned a level 3 spell: Mephitic Cloud
  8445 | D:10     | Noticed a two-headed ogre
  8458 | D:10     | Killed a two-headed ogre
  8792 | D:10     | Found a glowing golden altar of the Shining One.
  8848 | D:10     | Noticed a two-headed ogre
  8877 | D:10     | Killed a two-headed ogre
  8877 | D:10     | Reached ** piety under Makhleb
  9496 | Lair:1   | Entered Level 1 of the Lair of Beasts
  9710 | Lair:1   | Noticed Nergalle
  9742 | Lair:1   | Killed Nergalle
  9950 | Lair:1   | Reached skill level 11 in Ranged Weapons
 10418 | Lair:1   | Reached XP level 12. HP: 94/94 MP: 19/22
 10683 | Lair:2   | Found a staircase to the Snake Pit.
 10978 | Lair:2   | Found a staircase to the Swamp.
 11512 | Lair:2   | Reached *** piety under Makhleb
 11930 | Lair:3   | Noticed Amaemon
 12090 | Lair:3   | Killed Amaemon
 12182 | Lair:3   | Found the +5 Lochaber axe {reach-cleave, poleaxe, Drain}
 12205 | Lair:3   | Noticed Sonja
 12211 | Lair:3   | Killed Sonja
 12222 | Lair:3   | Reached XP level 13. HP: 86/101 MP: 12/25
 12538 | Lair:3   | Reached **** piety under Makhleb
 13230 | Lair:3   | Reached skill level 12 in Ranged Weapons
 13526 | Lair:2   | Reached ***** piety under Makhleb
 14557 | Lair:4   | Reached skill level 10 in Fighting
 14557 | Lair:4   | Reached skill level 10 in Dodging
 14870 | Lair:4   | Found a staircase to the Slime Pits.
 14877 | Lair:4   | Found a viscous altar of Jiyva.
 15359 | Lair:5   | Entered Level 5 of the Lair of Beasts
 15520 | Lair:4   | Reached skill level 10 in Invocations
 15520 | Lair:4   | Reached XP level 14. HP: 58/110 MP: 11/27
 15752 | Lair:5   | Found a runed translucent door.
 15753 | Lair:5   | Found a shimmering altar of Xom.
 15753 | Lair:5   | Noticed coraxio's ghost (journeyman AtFi)
 16941 | Lair:5   | Reached skill level 10 in Stealth
 18462 | Lair:5   | Learned a level 5 spell: Silence
 18624 | D:11     | Found Iwkipt's Antique Weapon Boutique.
 18904 | D:11     | Noticed Harold
 18940 | D:11     | Killed Harold
 19521 | D:11     | Noticed a tengu reaver
 19730 | Abyss:3  | Cast into level 3 of the Abyss (tengu reaver)
 19793 | Abyss:3  | HP: 4/111 [thrashing horror (17)]
 19846 | Abyss:4  | HP: 3/111 [efreet/bolt of fire (16)]
 19857 | Abyss:4  | Noticed a lich
 19867 | Abyss:4  | HP: 5/111 [lich (5)]
 19872 | Abyss:4  | Slain by a lich

Illustrated notes

Levels and vault maps discovered:
D:1:      denvon_arrival_planthouse, layout_loops_ring, serial_shops,
          nicolae_shop_advertising_works [nicolae_subvault_shop_adworks],
          nicolae_shop_unique_rings
D:2:      layout_rooms, kennysheep_potato
D:3:      layout_rooms, nicolae_uskayaw_en_pointe,
          gammafunk_ghost_nasty_kobolds, guppyfry_early_orc_mine
D:4:      layout_cave_pools, mainiacjoe_overflow_paths, uniq_robin
D:5:      layout_basic, mainiacjoe_overflow_alcove_4,
          mainiacjoe_overflow_small_starburst, uniq_eustachio, uniq_duvessa
D:6:      layout_basic, amcnicky_altar_gilded, uniq_maggie, uniq_pikel,
          uniq_edmund
D:7:      layout_rooms, minmay_temple_entry_tees, corexii_checkpoint_b,
          chequers_mini_garden, minivault_26, kennysheep_generic_room_11,
          uniq_menkaure
D:8:      layout_rooms, kennysheep_mini, general_overflow_altar,
          grunt_dithmenos_smoke, grunt_gozag_statues, fiery_altar_vehumet
D:9:      layout_stronghold, tgw_sif, nemelex_diamond_rough_becter,
          mainiacjoe_overflow_concentric_impassable, lair_entry_dummy
D:10:     layout_loops_ring, nicolae_tso_swordbearing_angel,
          grunt_qazlal_sundering, corexii_corridor_pit, kennysheep_kite_vault
D:11:     layout_roguey, serial_shops, nicolae_inconvenience_store,
          kennysheep_island_fort, uniq_harold
Lair:1:   layout_gridlike, fungi_pond_lemuel, minivault_25, uniq_nergalle
Lair:2:   layout_chaotic_city, swamp_mist, guppyfry_snake_entry_garden,
          nicolae_volcano_entry_vermiform
Lair:3:   hangedman_what_comes_after_a, layout_hall_layers,
          portal_ice_cave_entry_imps, uniq_amaemon, uniq_sonja
Lair:4:   layout_small_grid, dpeg_slime_entry_corner
Lair:5:   wormcave, layout_cave_pods, guppyfry_lair_end_dragon,
          ebering_ghost_xom
Abyss:4:  base: Lair:3, base: D:12, evilmike_abyss_exit_13,
          hangedman_shadowy_showcase

Skill      XL: |  1  2  3  4  5  6  7  8  9 10 11 12 13 14 |
---------------+-------------------------------------------+-----
Invocations    | 1 2 3 4 5 6 7 8 10 | 10.7
Short Blades   | 1 2 3 5 6 7 8 9 |  9.8
Long Blades    | 1 2 3 5 6 7 8 9 |  9.8
Axes           | 1 2 3 5 6 7 8 9 |  9.8
Maces & Flails | 1 2 3 5 6 7 8 9 |  9.8
Polearms       | 1 2 3 5 6 7 8 9 |  9.8
Staves         | 1 2 3 5 6 7 8 9 |  9.8
Throwing       | 1 2 3 5 6 7 8 9 |  9.8
Armour         | 1 2 3 5 6 7 8 9 |  9.8
Shields        | 1 2 3 5 6 7 8 9 |  9.8
Unarmed Combat | 1 2 3 5 6 7 8 9 |  9.8
Spellcasting   | 1 2 3 5 6 7 8 9 |  9.8
Evocations     | 1 2 3 5 6 7 8 9 |  9.8
Conjurations   | 1 2 3 4 5 6 7 8 |  8.2
Hexes          | 1 2 3 4 5 6 7 8 |  8.2
Summonings     | 1 2 3 4 5 6 7 8 |  8.2
Necromancy     | 1 2 3 4 5 6 7 8 |  8.2
Translocations | 1 2 3 4 5 6 7 8 |  8.2
Transmutations | 1 2 3 4 5 6 7 8 |  8.2
Fire Magic     | 1 2 3 4 5 6 7 8 |  8.2
Ice Magic      | 1 2 3 4 5 6 7 8 |  8.2
Air Magic      | 1 2 3 4 5 6 7 8 |  8.2
Earth Magic    | 1 2 3 4 5 6 7 8 |  8.2
Poison Magic   | 1 2 3 4 5 6 7 8 |  8.2
Stealth        | 3 4 5 6 7 8 9 10 | 10.1
Fighting       | 5 6 7 8 9 10 | 10.9
Dodging        | 5 6 7 8 9 10 | 10.9
Ranged Weapons | 9 10 11 12 | 12.8

Action                   |  1- 3 |  4- 6 |  7- 9 | 10-12 | 13-15 || total
-------------------------+-------+-------+-------+-------+-------++-------
Melee: Dagger            |       |       |       |    82 |   345 ||   427
       Bite              |       |       |       |     5 |    54 ||    59
 Fire: Shortbow          |   100 |   108 |       |       |       ||   208
       Sling             |       |    38 |   235 |   435 |   374 ||  1082
Throw: Boomerang         |       |       |       |     4 |     1 ||     5
       Javelin           |       |       |       |     3 |       ||     3
 Cast: Ensorcelled Hiber |       |       |       |    67 |   211 ||   278
       Mephitic Cloud    |       |       |       |    10 |    31 ||    41
       Silence           |       |       |       |       |     1 ||     1
Evoke: Wand              |       |     1 |     8 |     8 |    19 ||    36
  Use: Scroll            |       |       |     3 |     8 |     6 ||    17
       Potion            |       |       |       |       |    14 ||    14
 Stab: Sleeping          |       |       |       |    18 |    73 ||    91
       Confused          |       |       |       |     5 |    22 ||    27
       Invisible         |       |       |       |       |     2 ||     2
       Paralysed         |       |       |       |       |     1 ||     1
Armor: Leather armour    |     4 |    11 |     4 |       |       ||    19
       Steam dragon scal |       |       |    11 |    39 |    96 ||   146
Dodge: Dodged            |    23 |    45 |    46 |   308 |   450 ||   872
Block: Buckler           |       |       |    20 |   124 |   200 ||   344

Table legend: (Time is in decaauts)
 A = Elapsed time spent in this place.
 B = Non-inter-level travel time spent in this place.
 C = Inter-level travel time spent in this place.
 D = Time resting spent in this place.
 E = Time spent auto-exploring this place.
 F = Levels seen in this place.
 G = Mean time per level.
                   A        B        C        D        E       F      G
               +--------+--------+--------+--------+--------+-----+--------+
         Total |  19596 |  18680 |    916 |   2331 |  13120 |  18 | 1088.7 |
       Dungeon |  10650 |  10146 |    504 |    964 |   7716 |  11 |  968.2 |
          Lair |   8814 |   8403 |    411 |   1334 |   5401 |   5 | 1762.8 |
         Abyss |    131 |    131 |      0 |     32 |      3 |   2 |   65.5 |
               +--------+--------+--------+--------+--------+-----+--------+

Top non-repeatable levels by time:
  Lair:5: 2787 daAuts
  Lair:3: 2015 daAuts
    D:10: 1853 daAuts
     D:9: 1661 daAuts
  Lair:2: 1510 daAuts
  Lair:4: 1264 daAuts
  Lair:1: 1236 daAuts
    D:11: 1101 daAuts
     D:5: 942 daAuts
     D:6: 923 daAuts
     D:4: 901 daAuts
     D:3: 794 daAuts
     D:8: 710 daAuts
     D:7: 628 daAuts
     D:1: 611 daAuts
